 Dungeon Crawl Stone Soup version 0.18-a0-1575-g920359c (webtiles) character file.

60 4thArraOfDagon the Magician (level 3, -4/26 HPs)
             Began as a Draconian Wizard on Mar 16, 2016.
             Was a Follower of Cheibriados.
             Slain by a gnoll
             ... wielding a +0 spear
              (7 damage)
             ... on level 2 of the Dungeon.
             The game lasted 00:06:23 (1352 turns).

4thArraOfDagon the Magician (Draconian Wizard)      Turns: 1352, Time: 00:06:23

Health: -4/26      AC:  6    Str: 10 (11) XL:     3   Next: 80%
Magic:  3/7        EV: 17    Int: 19 (20) God:    Cheibriados [*.....]
Gold:   86         SH:  0    Dex: 15 (17) Spells: 4 memorised, 0 levels left

rFire  . . .     SeeInvis .     (no weapon)
rCold  . . .     Gourm    .     (armour unavailable)
rNeg   . . .     Faith    .     (no shield)
rPois  .         Spirit   .     a - +1 hat
rElec  .         Dismiss  .     (no cloak)
rCorr  .         Reflect  .     (no gloves)
SustAt .         Harm     .     (no boots)
MR     .....                    (no amulet)
Stlth  +++.......               (no ring)
                                (no ring)

@: agile, very slightly contaminated, hasted, repel missiles, quick, not
resistant to hostile enchantments, fairly stealthy
A: unfitting armour, cold-blooded, AC +5
a: Bend Time, Renounce Religion


You were on level 2 of the Dungeon.
You worshipped Cheibriados.
Cheibriados was aware of your devotion.
You were hungry.

You visited 1 branch of the dungeon, and saw 3 of its levels.

You collected 86 gold pieces.

Inventory:

Armour
 a - a +1 hat (worn)
Scrolls
 f - a scroll of fog {unknown}
 h - 2 scrolls of identify {unknown}
 i - a scroll of remove curse
Books
 b - a book of Minor Magic

   Spells                             Type                      Level
   a - Magic Dart                     Conjuration                  1
   b - Blink                          Translocation                2
   c - Call Imp                       Summoning                    2
   d - Repel Missiles                 Charms/Air                   2
   e - Slow                           Hexes                        2
   f - Conjure Flame                  Conjuration/Fire             3
   g - Mephitic Cloud                 Conjuration/Poison/Air       3
Comestibles
 c - 2 bread rations
 j - a chunk of flesh


   Skills:
 + Level 0.2 Fighting
 + Level 1.9 Dodging
 - Level 1.7 Stealth
 * Level 0.8 Unarmed Combat
 - Level 3.0 Spellcasting
 - Level 3.0 Conjurations
   Level 1.0 Summonings
 - Level 1.0 Translocations
 + Level 0.4 Air Magic
 + Level 0.4 Poison Magic
 + Level 0.9 Invocations


You couldn't memorise any spells.
You knew the following spells:

 Your Spells              Type           Power        Failure   Level  Hunger
a - Magic Dart            Conj           ##..         6%          1    None
b - Mephitic Cloud        Conj/Pois/Air  #.......     28%         3    ###....
c - Blink                 Tloc           N/A          17%         2    ##.....
d - Repel Missiles        Chrm/Air       #.....       24%         2    ##.....


Dungeon Overview and Level Annotations

Branches:
Dungeon (3/15)

Altars:
Cheibriados
Nemelex Xobeh

Annotations:
D:3 Natasha; namelastname112's ghost, amateur DrMo


Innate Abilities, Weirdness & Mutations

Your plain brown scales are hard (AC +5).
Your body does not fit into most forms of armour.
You are cold-blooded and may be slowed by cold attacks.


Message History

Natasha stares at you and mumbles some strange words.
The magic dart hits you!
* * * LOW HITPOINT WARNING * * *
Unknown command.
Natasha mumbles some strange words.
Unknown command.
Unknown command.
Unknown command.
The crimson imp blinks!
Unknown command.
The crimson imp blinks!
Unknown command.
Unknown command.
Unknown command.
Natasha casts a spell.
There is a stone staircase leading up here.
Unknown command.
You climb upwards.
The gnoll closely misses you. The gnoll misses you.
The gnoll hits you from afar with a spear!
You die...

....## ###..##
...... # #...##
..... # #....#
..... # #....#
...# # #....#
###..# ######
#.$..# # # #
#...g#.#...# ##
#...@g.....? .##
#...##.....# ..###
#..g ....#
....#########?.g
..##
.....#.....####.
...
...........####.
##
.................
...#.......## #.#.
###..#.....####...


You could see 4 gnolls.

Vanquished Creatures
  Natasha (D:2)
  A dart slug (D:1)
  5 bats (D:1)
  5 giant cockroaches
  7 hobgoblins
  3 kobolds
  2 giant newts (D:1)
  3 goblins
  4 rats
31 creatures vanquished.

Notes
Turn   | Place    | Note
--------------------------------------------------------------
     0 | D:1      | 4thArraOfDagon the Draconian Wizard began the quest for the Orb.
     0 | D:1      | Reached XP level 1. HP: 14/14 MP: 4/4
   121 | D:2      | Noticed Natasha
   146 | D:2      | Found a snail-covered altar of Cheibriados.
   158 | D:2      | Became a worshipper of Cheibriados the Contemplative
   168 | D:2      | Reached XP level 2. HP: 7/20 MP: 1/6
   419 | D:1      | Found a sparkling altar of Nemelex Xobeh.
   756 | D:1      | Reached XP level 3. HP: 26/26 MP: 7/7
   761 | D:1      | Learned a level 3 spell: Mephitic Cloud
   775 | D:1      | Learned a level 2 spell: Blink
   778 | D:1      | Learned a level 2 spell: Repel Missiles
   895 | D:1      | Reached * piety under Cheibriados
   951 | D:3      | Noticed namelastname112's ghost (amateur DrMo)
  1196 | D:2      | Killed Natasha
  1310 | D:2      | Noticed Natasha
  1352 | D:2      | Slain by a gnoll

Vault maps used:
D:1:      lemuel_arrival_cross, nemelex_diamond_rough_becter
D:2:      grunt_temple_overflow_magic_moments, amethyst_overflow_temple_binary,
          cheibriados_altar_1, uniq_natasha
D:3:      nicolae_qazlal_style_of_elements, first_bread

Skill      XL: |  1  2 |
---------------+-------+-----
Conjurations   | 2 3 |  3.0
Fighting       | |  0.2
Dodging        | |  1.9
Stealth        | |  1.7
Unarmed Combat | |  0.8
Spellcasting   | |  3.0
Summonings     | |  1.0
Translocations | |  1.0
Air Magic      | |  0.4
Poison Magic   | |  0.4
Invocations    | |  0.9

Action                   || total
-------------------------++-------
Melee: Club              ||    36
       Unarmed           ||    88
 Cast: Magic Dart        ||    41
       Mephitic Cloud    ||     1
       Repel Missiles    ||     1
  Use: Scroll            ||     2
       Potion            ||     5
 Stab: Sleeping          ||     2
       Confused          ||     1
  Eat: Chunk             ||     1
